Map: Odyssey LE

Players

axu

  • Race: Protoss Protoss
  • League: Platinum
  • Spawn Location: 11:00

broodwar - Winner!

  • Race: Zerg Zerg
  • League: Platinum
  • Spawn Location: 5:00

VOD

Have the link to the VOD?

Description

Time

  • Played on: Jan. 12, 2018, 1:09 p.m.
  • Length: 13:34
Show
View Real Time Build Order
Export as new Build Order

axu Protoss 

Build Orders: 1 Gate Expand 

Get SALT Encoding   

  12  0:01  Probe  
  13  0:13  Probe  
  14  0:25  Pylon, Probe  
  15  0:43  Probe  
  15  0:44  Gateway  
  16  0:55  Probe  
  17  1:03  Assimilator  
  17  1:07  Probe  
  18  1:22  Probe  
  19  1:32  Nexus  
  18  1:40  Cybernetics Core  
  18  1:41  Zealot (Chrono Boost)  
  20  1:59  Gateway  
  17  2:16  Adept (Chrono Boost)  
  17  2:19  Probe  
  20  2:49  Cybernetics Core  
  20  2:53  Probe  
  20  2:55  Probe  
  22  3:06  Probe  
  22  3:07  Probe  
  22  3:10  Assimilator  
  24  3:18  Probe  
  24  3:19  Probe  
  26  3:25  Warp Gate (Chrono Boost)  
  26  3:29  Adept x2 (Chrono Boost)  
  26  3:30  Probe  
  26  3:31  Probe  
  32  3:42  Probe  
  32  3:43  Twilight Council, Probe  
  34  3:55  Probe x2 (Chrono Boost)  
  36  4:03  Adept  
  36  4:09  Pylon  
  38  4:13  Pylon  
  38  4:21  Resonating Glaives (Chrono Boost)  
  38  4:27  Adept, Probe x2  
  42  4:39  Probe x2  
  44  4:50  Robotics Facility  
  44  4:51  Probe x2  
  46  5:03  Gateway, Probe x2, Pylon  
  46  5:04  Gateway  
  46  5:06  Gateway  
  42  5:40  Warp Prism  
  42  5:42  Probe x2  
  46  5:52  Adept x2, Pylon  
  46  5:54  Probe x2  
  52  5:59  Pylon  
  52  6:02  Pylon  
  52  6:03  Assimilator  
  52  6:05  Assimilator  
  52  6:06  Pylon  
  52  6:09  Adept  
  52  6:10  Adept x2  
  58  6:13  Adept x2  
  62  6:33  Adept  
  62  6:34  Adept x2  
  62  6:35  Adept  
  70  6:57  Adept x3  
  70  6:58  Adept x2  
  76  7:18  Adept  
  76  7:19  Adept x4  
  86  7:48  Pylon  
  86  7:51  Pylon  
  86  7:55  Pylon, Forge  
  66  8:21  Adept  
  66  8:22  Adept x4  
  62  8:36  Templar Archives  
  62  8:39  Gateway  
  62  8:40  Gateway  
  58  8:42  Gateway  
  58  8:45  Gateway  
  58  8:47  Gateway  
  58  8:48  Gateway  
  52  8:53  Nexus  
  52  8:55  Pylon  
  52  8:56  Immortal (Chrono Boost), Adept  
  52  8:57  Adept x4  
  52  8:58  Pylon  
  52  9:00  Pylon  
  66  9:18  High Templar  
  66  9:19  High Templar x3  
  74  9:27  Archon  
  74  9:28  Archon  
  74  9:44  Immortal  
  76  9:52  Probe x2  
  78  10:04  Probe x2  
  78  10:05  High Templar  
  78  10:06  Zealot x2  
  78  10:07  Zealot x3  
  88  10:08  Zealot x2  
  88  10:12  Protoss Ground Weapons Level 1  
  96  10:14  Charge (Chrono Boost)  
  96  10:16  Probe x2  
  98  10:28  Probe  
  98  10:29  Probe  
  98  10:32  Zealot x3  
  98  10:33  Zealot x4  
  98  10:34  Zealot  
  116  10:41  Psionic Storm  
  116  10:51  Probe x3  
  119  11:03  Probe x2  
  119  11:04  Probe  
  122  11:15  Assimilator, Probe  
  122  11:16  Probe  
  120  11:19  Assimilator  
  120  11:21  Shield Battery  
  120  11:23  Shield Battery  
  120  11:25  Shield Battery  
  120  11:28  Shield Battery  
  96  11:34  Immortal  
  96  11:36  High Templar x3  
  106  11:42  Probe x2  
  106  11:43  Probe  
  109  11:53  Sentry x2  
  113  11:54  Probe  
  113  11:55  Probe x2  
  113  11:59  Adept x4  
  113  12:00  Adept  
  126  12:07  Probe x3  
  129  12:13  Immortal  
  133  12:19  Probe x2  
  71  12:30  Zealot x5  
  71  12:31  Zealot  
  71  12:32  High Templar x3  
  73  12:52  Observer (Chrono Boost)  
  73  12:58  Zealot x5  
  82  12:59  Zealot  
  80  13:19  Zealot x2  
  74  13:20  Zealot x3  
Show
View Real Time Build Order
Export as new Build Order

broodwar Zerg - Winner!

Build Orders: Pool First, Lurkers 

Get SALT Encoding   

  12  0:19  Spawning Pool  
  11  0:21  Drone  
  11  0:26  Drone  
  13  0:30  Drone  
  14  0:40  Overlord  
  14  1:07  Zergling x2  
  14  1:08  Zergling x4  
  17  1:19  Zergling x2  
  17  1:20  Hatchery  
  17  1:33  Zergling x2  
  17  1:34  Queen  
  20  1:40  Zergling x2  
  21  1:51  Overlord  
  21  2:03  Drone  
  21  2:18  Drone  
  22  2:23  Queen  
  21  2:47  Drone x5  
  25  2:58  Queen  
  25  3:03  Overlord  
  28  3:05  Drone  
  28  3:06  Drone x4  
  28  3:10  Extractor  
  31  3:15  Drone  
  31  3:16  Drone  
  33  3:26  Drone  
  35  3:27  Drone  
  35  3:31  Hatchery  
  34  3:35  Drone  
  34  3:36  Drone x2  
  37  3:43  Drone x2  
  39  3:52  Drone  
  39  3:53  Drone x3  
  43  3:57  Overlord  
  43  4:03  Overlord  
  43  4:15  Evolution Chamber, Overlord x2  
  42  4:17  Zergling x4  
  42  4:20  Zergling x2  
  45  4:25  Metabolic Boost  
  45  4:35  Drone x6  
  45  4:36  Drone  
  52  4:44  Drone x3  
  55  4:51  Drone  
  56  4:55  Zergling x10  
  60  5:10  Zerg Melee Weapons Level 1  
  60  5:11  Zergling x2  
  60  5:12  Zergling x10  
  62  5:37  Drone x11  
  62  5:40  Extractor  
  62  5:41  Drone, Extractor x2  
  62  5:42  Drone x2  
  72  5:43  Drone x2  
  72  5:44  Lair  
  74  5:55  Drone x6  
  80  6:04  Overlord x2  
  80  6:09  Extractor x2  
  78  6:11  Overlord  
  78  6:12  Overlord x3  
  76  6:19  Hatchery  
  72  6:28  Baneling Nest  
  72  6:30  Zergling x8  
  72  6:31  Zergling x8  
  79  6:34  Spine Crawler x2  
  79  6:36  Spine Crawler  
  79  6:37  Zergling x2  
  79  6:38  Zergling x6  
  78  6:51  Hydralisk Den  
  76  6:58  Zergling x20  
  72  7:13  Zergling x2  
  72  7:14  Zergling x10  
  73  7:20  Zergling x6  
  70  7:30  Spine Crawler, Zergling x6  
  70  7:32  Baneling x2  
  70  7:33  Drone  
  70  7:34  Zergling x4  
  70  7:37  Spine Crawler  
  70  7:41  Zergling x2  
  70  7:42  Zergling x10  
  70  7:44  Baneling x12  
  69  7:52  Zergling x6  
  69  7:54  Baneling x8  
  69  7:55  Baneling  
  69  7:56  Baneling x3  
  69  7:57  Zergling x8  
  66  8:19  Muscular Augments  
  57  8:32  Drone  
  57  8:33  Drone x5, Queen  
  65  8:40  Queen  
  65  8:42  Drone  
  65  8:43  Drone x2  
  65  8:46  Centrifical Hooks  
  68  8:52  Drone x3  
  71  9:01  Hydralisk  
  71  9:02  Hydralisk x5  
  83  9:12  Hydralisk x6  
  95  9:17  Baneling x3  
  95  9:18  Baneling x3  
  95  9:19  Baneling x2  
  95  9:23  Hydralisk x2  
  99  9:45  Hydralisk  
  99  9:46  Hydralisk x7  
  115  9:55  Drone x3  
  115  9:56  Evolution Chamber  
  115  9:58  Drone x3  
  120  10:00  Extractor  
  120  10:01  Drone  
  120  10:02  Drone x2  
  120  10:05  Drone x3  
  125  10:07  Drone x3  
  125  10:13  Queen  
  130  10:17  Overlord x2  
  130  10:22  Zerg Missile Weapons Level 1  
  130  10:25  Drone  
  131  10:31  Overlord  
  131  10:32  Overlord x3  
  131  10:38  Hydralisk  
  131  10:39  Hydralisk x5  
  143  10:47  Lurker Den  
  142  10:52  Hydralisk x5  
  152  11:01  Zergling x18  
  152  11:02  Zergling x2  
  162  11:12  Drone x2  
  162  11:14  Extractor  
  163  11:24  Zergling x2  
  163  11:25  Zergling x18  
  168  11:35  Hatchery  
  167  11:42  Zergling x10  
  171  12:02  Baneling  
  171  12:03  Baneling x21  
  171  12:05  Hatchery  
  159  12:28  Lurker x3  
  159  12:29  Lurker x4  
  140  12:30  Lurker  
  140  12:31  Lurker x4  
  140  12:32  Zergling x2  
  140  12:33  Zergling x34  
Tags
 
Add a new tag
Caveats
  • Supply blocks, unpowered buildings, or Contaminate may cause inaccurate times.
  • Supply counts are checked every 10 seconds.